 Dungeon Crawl Stone Soup version 0.29.0-4-gdea44cf6ec (webtiles) character file.

Game seed: 5156577099333331591

111 qw the Ruffian (level 4, -3/36 HPs)
             Began as a Ghoul Fire Elementalist on Aug 29, 2022.
             Slain by Grinder (6 damage)
             ... while paralysed by Grinder
             ... on level 3 of the Dungeon.
             The game lasted 00:02:31 (3849 turns).

qw the Ruffian (Ghoul Fire Elementalist)            Turns: 3849, Time: 00:02:32

Health: -3/36      AC:  6    Str: 13    XL:     4   Next: 92%
Magic:  5/5        EV:  2    Int: 10    God:
Gold:   55         SH:  0    Dex:  9    Spells: 5/6 levels left

rFire   . . .      SeeInvis .     - Unarmed
rCold   + . .      Faith    .   (no shield)
rNeg    + + +      Spirit   .   f - +0 scale mail
rPois   inf        Reflect  .   (no helmet)
rElec   .          Harm     .   (no cloak)
rCorr   .          Rampage  .   (no gloves)
Will    .....                   (no boots)
Stlth   ..........              (no amulet)
HPRegen 0.00/turn               (no ring)
MPRegen 0.09/turn               (no ring)

@: paralysed, inhibited regen
A: claws 1, cold resistance 1, negative energy resistance 3, inhibited
regeneration, torment resistance 2, devour on kill
a: no special abilities


You were on level 3 of the Dungeon.
You visited 1 branch of the dungeon, and saw 3 of its levels.

You collected 55 gold pieces.


Innate Abilities, Weirdness & Mutations

You are immune to poison.
You have sharp fingernails.
Your flesh is cold resistant. (rC+)
You are immune to negative energy. (rN+++)
You do not regenerate when monsters are visible.
You are immune to unholy pain and torment.
You thrive by killing the living.


   Skills:
 - Level 2.0 Fighting
 - Level 1.7 Dodging
 - Level 2.1 Stealth
 + Level 4.2 Unarmed Combat
 - Level 1.7 Spellcasting
 - Level 0.7 Conjurations
 - Level 2.4 Fire Magic


You had 5 spell levels left.
You knew the following spells:

 Your Spells              Type           Power      Damage    Failure   Level
a - Foxfire               Conj/Fire      16%        2x1d4     63%         1

Your spell library contained the following spells:

 Spells                   Type           Power      Damage    Failure   Level
 Scorch                   Fire           10%        2d5       65%         2
 Conjure Flame            Conj/Fire      4%         6-21      94%         3
 Inner Flame              Hex/Fire       3%         N/A       96%         3
 Flame Wave               Conj/Fire      4%         2d5       100%        4

Inventory:

Armour
 f - a +0 scale mail (worn)
Jewellery
 a - a ring of ice
Scrolls
 b - a scroll of enchant armour {unknown}
Potions
 e - a potion of mutation {unknown}
 k - a potion of flight {unknown}

Dungeon Overview and Level Annotations

Branches:
Dungeon (3/15)

Altars:

Annotations:
D:3 Grinder


Message History

Enter note: You claw the adder!
The adder is almost dead.
The adder barely misses you.
You scratch the adder.
You kill the adder!
You now have 55 gold pieces (gained 14).
Grinder shouts!
3833 ||| Stepping ~*~*~tactically~*~*~ (hiding).
You start waiting.
Grinder is nearby!
Grinder hits you!
You closely miss Grinder. Your claw misses Grinder. Grinder hits you!
You barely miss Grinder. Grinder closely misses you.
You claw Grinder!
Grinder is lightly wounded.
You barely miss Grinder.
Grinder is lightly wounded.
Grinder barely misses you.
You closely miss Grinder.
Grinder is lightly wounded.
Grinder hits you.
You scratch Grinder but do no damage.
Grinder is lightly wounded.
Grinder hits you but does no damage.
You closely miss Grinder.
Grinder is lightly wounded.
Grinder grins, showing sharp teeth.
Grinder hits you.
You scratch Grinder.
Grinder is moderately wounded.
Grinder hits you!
You scratch Grinder.
Grinder is moderately wounded.
Grinder gestures at you.
You suddenly lose the ability to move!
Grinder hits you.
You die...

.....####.#.## ###### ##.### .# .
#<..# .#.## # #...# .#.##. #
#...# #...... # #...# ........
####### #
######...######..#.....##.....#
###.............#..####...#.....#
...........)....@5..............#
###.............#..#.)#..##<....#
# #####.....#####.....#. #.....#
# #.....# ....... ##5#### #.....#
##.(.## ##.# #.....# #..# #.##
##### #.....# #............#
....# #.....# ..#...#####.# ###.#
###.### #.##


You could see Grinder.

Vanquished Creatures
  6 adders
  3 dart slugs
  8 ball pythons
  5 endoplasms
  A giant cockroach (D:2)
  4 goblins
  4 hobgoblins (D:2)
  2 jackals (D:3)
  2 quokkas
  7 bats
  4 frilled lizards
  3 kobolds
  4 rats
53 creatures vanquished.

Notes
Turn   | Place    | Note
-------+----------+-------------------------------------------
     0 | D:1      | qw the Ghoul Fire Elementalist began the quest for the Orb.
     0 | D:1      | Reached XP level 1. HP: 14/14 MP: 2/2
     0 | D:1      | 0 ||| qw: Version: 0.1-a-90-g952f4b7
     0 | D:1      | 0 ||| qw: Game counter: 3958
     0 | D:1      | 0 ||| qw: Always use a shield: true
     0 | D:1      | 0 ||| qw: God list: Okawaru
     0 | D:1      | 0 ||| qw: Allow faded altars: false
     0 | D:1      | 0 ||| qw: Do Orc after D:15 true
     0 | D:1      | 0 ||| qw: Do second Lair branch before Depths: true
     0 | D:1      | 0 ||| qw: Lair rune preference: random
     0 | D:1      | 0 ||| qw: Plans: Normal
     0 | D:1      | 0 ||| PLANNING D:1-11
    39 | D:1      | 39 ||| Stepping ~*~*~tactically~*~*~ (stealth).
    51 | D:1      | Reached skill level 1 in Unarmed Combat
   371 | D:1      | Reached XP level 2. HP: 20/22 MP: 3/3
   405 | D:1      | Reached skill level 1 in Fighting
   895 | D:1      | Reached skill level 2 in Unarmed Combat
  1111 | D:1      | 1111 ||| UPGRADING to +0 leather armour.
  1121 | D:1      | 1121 ||| DROPPING +0 robe.
  1122 | D:1      | 1122 ||| READING scroll labelled TYSUUX BUTU.
  1123 | D:1      | 1123 ||| READING scroll labelled AHEQEN YMPU.
  1127 | D:1      | 1127 ||| READING scroll labelled AGOZ JEIBOO.
  1128 | D:1      | 1128 ||| READING scroll labelled SACIRGH FUVVIM.
  1129 | D:1      | 1129 ||| READING scroll labelled PEUHEBB FUCA.
  1129 | D:1      | Identified a scroll of acquirement
  1129 | D:1      | 1129 ||| ACQUIRING ring of ice
  1129 | D:1      | Acquired a ring of ice
  1131 | D:1      | 1131 ||| DROPPING potion of magic.
  1138 | D:2      | 1138 ||| Stepping ~*~*~tactically~*~*~ (stealth).
  1139 | D:2      | 1139 ||| Stepping ~*~*~tactically~*~*~ (stealth).
  1175 | D:2      | Reached XP level 3. HP: 28/28 MP: 4/4
  1270 | D:2      | Found a faded altar of an unknown god.
  1420 | D:2      | Reached skill level 3 in Unarmed Combat
  1540 | D:2      | 1540 ||| Stepping ~*~*~tactically~*~*~ (stealth).
  1773 | D:2      | Reached XP level 4. HP: 31/35 MP: 5/5
  1971 | D:2      | 1971 ||| Stepping ~*~*~tactically~*~*~ (hiding).
  2075 | D:2      | 2075 ||| Stepping ~*~*~tactically~*~*~ (hiding).
  2177 | D:2      | 2177 ||| Stepping ~*~*~tactically~*~*~ (hiding).
  2279 | D:2      | 2279 ||| Stepping ~*~*~tactically~*~*~ (hiding).
  2381 | D:2      | 2381 ||| Stepping ~*~*~tactically~*~*~ (hiding).
  2483 | D:2      | 2483 ||| Stepping ~*~*~tactically~*~*~ (hiding).
  2585 | D:2      | 2585 ||| Stepping ~*~*~tactically~*~*~ (hiding).
  2687 | D:2      | 2687 ||| Stepping ~*~*~tactically~*~*~ (hiding).
  2961 | D:2      | 2961 ||| UPGRADING to +0 scale mail.
  2971 | D:2      | 2971 ||| DROPPING +0 leather armour.
  2972 | D:2      | 2972 ||| READING scroll labelled TOTTILAGUBA.
  2973 | D:2      | 2973 ||| READING scroll labelled PIOXKO OFERIBO.
  2974 | D:2      | 2974 ||| READING scroll labelled BEDUAS FOSAVYL.
  2975 | D:2      | 2975 ||| READING scroll labelled ZUBIOTTUMM.
  3108 | D:3      | Noticed Grinder
  3109 | D:3      | 3109 ||| Stepping ~*~*~tactically~*~*~ (hiding).
  3111 | D:3      | Paralysed by Grinder for 5 turns
  3124 | D:3      | 3124 ||| FLEEEEING.
  3125 | D:3      | 3125 ||| STAIRDANCE
  3225 | D:3      | 3225 ||| Stepping ~*~*~tactically~*~*~ (hiding).
  3234 | D:3      | Paralysed by Grinder for 5 turns
  3244 | D:3      | Paralysed by Grinder for 2 turns
  3248 | D:3      | HP: 8/35 [Grinder (1)]
  3249 | D:3      | 3249 ||| READING scroll of teleportation.
  3250 | D:3      | 3250 ||| DRINKING potion of heal wounds.
  3297 | D:3      | 3297 ||| Stepping ~*~*~tactically~*~*~ (stealth).
  3363 | D:3      | Identified the +3 hand axe of Greed {freeze, rC+ Int+7}
  3398 | D:3      | 3398 ||| Stepping ~*~*~tactically~*~*~ (hiding).
  3484 | D:3      | 3484 ||| Stepping ~*~*~tactically~*~*~ (stealth).
  3485 | D:3      | 3485 ||| Stepping ~*~*~tactically~*~*~ (stealth).
  3501 | D:3      | Reached skill level 4 in Unarmed Combat
  3561 | D:3      | 3561 ||| Stepping ~*~*~tactically~*~*~ (stealth).
  3562 | D:3      | 3562 ||| Stepping ~*~*~tactically~*~*~ (stealth).
  3563 | D:3      | 3563 ||| Stepping ~*~*~tactically~*~*~ (stealth).
  3565 | D:3      | 3565 ||| Stepping ~*~*~tactically~*~*~ (stealth).
  3566 | D:3      | 3566 ||| Stepping ~*~*~tactically~*~*~ (stealth).
  3833 | D:3      | 3833 ||| Stepping ~*~*~tactically~*~*~ (hiding).
  3847 | D:3      | HP: 3/36 [Grinder (8)]
  3848 | D:3      | Paralysed by Grinder for 3 turns
  3849 | D:3      | Slain by Grinder

Levels and vault maps discovered:
D:1:      minmay_arrival_four_loops, layout_basic, grunt_decor_arrowhead,
          chequers_serial_rivers_micro_a
D:2:      layout_loops_cross, chequers_ecumenical_altar_simple
D:3:      layout_loops_cross, lightli_corner_chamber, uniq_grinder

Skill      XL: |  1  2  3  4 |
---------------+-------------+-----
Unarmed Combat | 1 2 3 4 |  4.2
Fighting       | 1 2 |  2.0
Dodging        | |  1.7
Stealth        | |  2.1
Spellcasting   | |  1.7
Conjurations   | |  0.7
Fire Magic     | |  2.4

Action                   |  1- 3 |  4- 6 || total
-------------------------+-------+-------++-------
Melee: Unarmed           |   134 |    97 ||   231
       Punch             |     1 |     1 ||     2
  Use: Scroll            |     5 |     5 ||    10
       Potion            |       |     1 ||     1
 Stab: Distracted        |     1 |       ||     1
Armor: Robe              |     6 |       ||     6
       Leather armour    |    25 |     4 ||    29
       Scale mail        |       |    31 ||    31
Dodge: Dodged            |    72 |    33 ||   105

Table legend:
 A = Non-vault XP
 B = Vault XP
 C = Vault XP percentage of total XP
 D = Non-vault monster count
 E = Vault monster count
 F = Vault count percentage of total count
                 A         B        C        D         E       F
            +---------+---------+-------+---------+---------+-------
      Total |     159 |       0 |   0.0 |      53 |       0 |   0.0
            +---------+---------+-------+---------+---------+-------
        D:1 |      28 |       0 |   0.0 |      17 |       0 |   0.0
        D:2 |      63 |       0 |   0.0 |      23 |       0 |   0.0
        D:3 |      68 |       0 |   0.0 |      13 |       0 |   0.0
            +---------+---------+-------+---------+---------+-------
